 Dungeon Crawl Stone Soup version 0.31.0-11-ge490571c62 (webtiles) character file.

Game seed: 16275027935266076965

7807 Skeral the Martial Artist (level 10, -1/79 HPs)
             Began as a Demigod Shapeshifter on Jan 29, 2024.
             Slain by a red devil
             ... wielding a +0 trident
             ... summoned by a kobold demonologist
              (10 damage)
             ... on level 10 of the Dungeon.
             The game lasted 00:34:35 (13401 turns).

Skeral the Martial Artist (Demigod Shapeshifter)   Turns: 13401, Time: 00:34:35

Health: -1/79      AC: -1    Str: 19      XL:     10   Next: 70%
Magic:  13/13      EV: 13    Int: 12      God:
Gold:   561        SH:  5    Dex: 26 (27) Spells: 9/9 levels left

rFire   . .          .
                       - Unarmed
rCold   . . .        u - melded +0 buckler
rNeg    . . .        x - +0 steam dragon scales
rPois   .            J - +0 helmet
rElec   .            E - +1 cloak
rCorr   .            (gloves currently unavailable)
SInv    .            (no boots)
Will    +....        w - amulet of reflection
Stlth   ++           D - +6 ring of dexterity
HPRegen 0.33/turn    L - ring of flight
MPRegen 0.13/turn

%: reflection
@: blade hands, spiked, corroded, flying
A: reduced hp, high MP 1, forlorn, divine attributes
a: Begin Untransformation


You were on level 10 of the Dungeon.
You had blades for hands.
You visited 1 branch of the dungeon, and saw 10 of its levels.

You collected 561 gold pieces.


Innate Abilities, Weirdness & Mutations

You have blades for hands.
Your maximum health is decreased, since you lack skill for your form.
You are incapable of wielding weapons or throwing items.
You have an increased reservoir of magic. (+10% MP)
You shall have no god before yourself.
Your divine heritage dramatically boosts your attributes as you level up.


   Skills:
 + Level 9.2 Fighting
 - Level 1.7 Dodging
 + Level 9.5 Unarmed Combat
 + Level 8.6 Shapeshifting


You had 9 spell levels left.
You didn't know any spells.
Your spell library contained the following spells:

 Spells                   Type           Power      Damage    Failure   Level
 Kiss of Death            Conj/Necr      0%         2d5       32%         1
 Sandblast                Erth           0%         2d4       32%         1
 Slow                     Hex            0%         N/A       32%         1
 Confusing Touch          Hex            0%         N/A       69%         3
 Dazzling Flash           Conj/Hex       0%         N/A       69%         3
 Mephitic Cloud           Conj/Alch/Air  0%         N/A       69%         3
 Passwall                 Erth           0%         N/A       69%         3
 Sigil of Binding         Hex            0%         N/A       69%         3
 Stone Arrow              Conj/Erth      0%         3d7       69%         3
 Vampiric Draining        Necr           0%         2d6       69%         3
 Volatile Blastmotes      Fire/Tloc      0%         2d10      69%         3
 Brom's Barrelling Bould  Conj/Erth      0%         2d3       97%         4
 Fulminant Prism          Conj/Alch      0%         3d5       97%         4
 Iskenderun's Mystic Bla  Conj/Tloc      0%         2d3       97%         4
 Passage of Golubria      Tloc           0%         N/A       97%         4
 Curse of Agony           Necr           0%         N/A       100%        5
 Silence                  Hex/Air        0%         N/A       100%        5
 Summon Forest            Summ/Tloc      0%         N/A       100%        5
 Conjure Ball Lightning   Conj/Air       0%         3x3d6     100%        6
 Enfeeble                 Hex            0%         N/A       100%        7
 Monstrous Menagerie      Summ           0%         N/A       100%        7
 Spellforged Servitor     Conj/Summ      0%         N/A       100%        7
 Discord                  Hex            0%         N/A       100%        8
 Disjunction              Tloc           0%         N/A       100%        8
 Lehudib's Crystal Spear  Conj/Erth      0%         10d2      100%        8

Inventory:

Missiles
 j - 10 boomerangs
 o - 30 poisoned darts (quivered)
 q - a throwing net {=f!f}
 I - a curare-tipped dart {=f}
Armour
 u - a +0 buckler (melded)
   (You found it on level 4 of the Dungeon)
 x - +0 steam dragon scales (worn)
   (You found it on level 7 of the Dungeon)
 E - a +1 cloak (worn)
   (You took it off Crazy Yiuf on level 6 of the Dungeon)
 J - a +0 helmet (worn)
   (You found it on level 10 of the Dungeon)
Jewellery
 w - an amulet of reflection (around neck)
   (You took it off a hobgoblin on level 4 of the Dungeon)
 D - a +6 ring of dexterity (left blade hand)
   (You found it on level 7 of the Dungeon)
 G - an amulet of guardian spirit
   (You found it on level 3 of the Dungeon)
 L - a ring of flight (right blade hand)
   (You found it on level 8 of the Dungeon)
Talismans
 c - a beast talisman
 g - a maw talisman
   (You found it on level 1 of the Dungeon)
 t - a blade talisman (active)
   (You found it on level 4 of the Dungeon)
Wands
 l - a wand of light (5)
   (You found it on level 6 of the Dungeon)
 A - a wand of paralysis (12)
   (You found it on level 8 of the Dungeon)
 F - a wand of flame (13)
   (You took it off Crazy Yiuf on level 6 of the Dungeon)
Scrolls
 f - a scroll of fear {unknown}
 i - 3 scrolls of teleportation {@r4}
 k - 2 scrolls of vulnerability {!r!r}
 m - 4 scrolls of revelation {unknown}
 n - 2 scrolls of noise {!r}
 p - 2 scrolls of poison {unknown}
 y - a scroll of amnesia {unknown}
 H - 2 scrolls of brand weapon {unknown}
Potions
 a - a potion of degeneration {unknown}
 b - a potion of lignification {!q}
 d - a potion of curing {@q1}
 e - a potion of mutation {unknown}
 h - a potion of heal wounds {unknown}
 r - a potion of might {unknown}
 s - 3 potions of enlightenment
 v - a potion of berserk rage {unknown}
 z - a potion of cancellation {unknown}
 B - a potion of brilliance {unknown}
 C - a potion of haste {@q3}

Dungeon Overview and Level Annotations

Branches:
Dungeon (10/15) Zot: 25346  Temple (0/1) D:4            Lair (0/5) D:9
    Orc: D:9-12

Shops:
D:7 :

Portals:
Abyss: D:6

Annotations:
D:3 1 runed translucent door
D:5 2 transporters
D:8 Jeremiah

....#.####+###'#.....#
....'..#....#..+...[.#
....#..#....#..#.....#
....#......~.#.#.....#
.....#......#........######
..........................#
.....PP......P..K.........#
....#......P..4K4........#
...###♣#+''###♣#@5.......#
...# #P.......P#.5.......#
#..#~.........P#~.#####.##
#..##..K._.....#~.#
#..#..PK..♣.PP #..#
#..###♣....P####..# ##....#
.§##...♣## #....# .. #....#
##..##♣######..##


You could see a rust devil (summoned), 2 kobold demonologists, a red devil
(summoned), a quasit (summoned) and a white imp (summoned).


Message History

You closely miss the kobold demonologist.
You slash the kobold demonologist! You block the quasit's attack.
The quasit barely misses you.
The quasit claws you but does no damage.
The kobold demonologist begins to cast a cantrip, but forgets the words!
You slash the kobold demonologist! You block the quasit's attack.
The quasit claws you but does no damage.
The quasit closely misses you.
The kobold demonologist closely misses you.
You slice the kobold demonologist!!
You kill the kobold demonologist!
The iron imp disappears in a puff of smoke!
The quasit disappears in a puff of smoke! 😕 HP[+2]
You now have 79 max hp (+1).
You regained 2 hp, and now have 75/79 hp.
You start resting. 😎 HP[+4]
Your hp is fully restored (79).
Things that are here:
a +0 dagger; a +0 robe; a kobold corpse The kobold demonologist shouts!
The kobold demonologist gestures wildly while chanting.
The kobold demonologist mumbles some strange words.
The white imp hits you. The white imp freezes you. 😕 HP[-6]
You take 6 damage, and now have 73/79 hp.
The kobold demonologist hits you with a +0 dagger.
The quasit closely misses you. You block the quasit's attack.
The quasit misses you.
The white imp closely misses you. 😕 HP[-1]
You take 1 damage, and now have 72/79 hp.
The kobold demonologist shouts!
You slash the kobold demonologist! The quasit closely misses you. x3
You block the kobold demonologist's attack.
The kobold demonologist miscasts a cantrip.
You miss the kobold demonologist. The white imp gestures at you.
The puff of frost hits you!
The quasit bites you but does no damage.
The quasit completely misses you.
The quasit claws you but does no damage.
The kobold demonologist looks braver for a moment. 😕 HP[-11]
You take 11 damage, and now have 61/79 hp.
You hit the kobold demonologist but do no damage.
The white imp gestures at you. The puff of frost hits you!
The quasit bites you but does no damage.
The quasit claws you but does no damage.
The quasit barely misses you. 😮 HP[-8]
You take 8 damage, and now have 53/79 hp.
You miss the kobold demonologist.
The kobold demonologist gestures wildly while chanting.
The quasit bites you.
The quasit claws you but does no damage.
The quasit misses you. The white imp hits you.
The white imp freezes you. 😮 HP[-6]
You take 6 damage, and now have 47/79 hp.
You closely miss the kobold demonologist.
The quasit bites you. The quasit claws you. x2
The kobold demonologist gestures wildly while chanting.
You block the white imp's attack. 😮 HP[-4]
You take 4 damage, and now have 43/79 hp.
You barely miss the kobold demonologist.
The quasit completely misses you.
The quasit claws you but does no damage.
The quasit misses you.
The kobold demonologist hits you but does no damage.
The white imp hits you but does no damage. 😮 HP[+1]
You slash the kobold demonologist!
The quasit bites you but does no damage.
The quasit completely misses you. You block the quasit's attack.
The red devil hits you from afar with a +0 trident!
* * * LOW HITPOINT WARNING * * *
Barbed spikes become lodged in your body.
The rust devil hits you!
* * * LOW HITPOINT WARNING * * *
The rust devil corrodes you!
The kobold demonologist misses you. 😨 HP[-24]
You take 24 damage, and now have 20/79 hp.
MASSIVE DAMAGE!! (PAUSE)
You slash the kobold demonologist! The quasit bites you.
* * * LOW HITPOINT WARNING * * *
You block the quasit's attack. The quasit barely misses you.
The white imp misses you. The red devil closely misses you.
The rust devil misses you.
The kobold demonologist miscasts a cantrip. 😱 HP[-2]
You take 2 damage, and now have 18/79 hp.
You miss the kobold demonologist. You block the quasit's attack.
The quasit misses you. The quasit barely misses you. The white imp hits you.
* * * LOW HITPOINT WARNING * * *
The white imp freezes you.
* * * LOW HITPOINT WARNING * * *
The red devil hits you from afar with a +0 trident!
You die...

Skill      XL: |  1  2  3  4  5  6  7  8  9 10 |
---------------+-------------------------------+-----
Fighting       | 1 2 3 4 5 6 8 9 |  9.2
Unarmed Combat | 3 4 5 7 8 9 |  9.5
Shapeshifting  | 3 4 5 6 7 8 |  8.6
Dodging        | |  1.7

Action                     |  1- 3 |  4- 6 |  7- 9 | 10-12 || total
---------------------------+-------+-------+-------+-------++-------
  Melee: Unarmed           |   155 |   202 |   364 |   101 ||   822
         Punch             |     5 |     4 |       |     1 ||    10
  Throw: Dart              |       |     6 |    25 |     4 ||    35
  Evoke: Wand              |       |       |     6 |     6 ||    12
    Use: Potion            |       |     1 |     1 |     1 ||     3
         Scroll            |       |     6 |     1 |     1 ||     8
   Stab: Sleeping          |     4 |       |     7 |     1 ||    12
 Armour: Animal skin       |    53 |    94 |    70 |       ||   217
         Skin              |       |     7 |     4 |       ||    11
         Steam dragon scal |       |       |    91 |    92 ||   183
  Dodge: Dodged            |   102 |   118 |   124 |    63 ||   407
  Block: Buckler           |       |    31 |   163 |    44 ||   238
         Reflection        |       |       |    11 |     2 ||    13
         Other             |       |       |     3 |    13 ||    16
   Form: Beast             |       |       |     1 |       ||     1
         Flux              |       |       |     1 |       ||     1
         Blade             |       |       |       |     1 ||     1

Levels and vault maps discovered:
D:1:      minmay_arrival_widening_spiral_wide, layout_basic, minmay_tromino_v7
D:2:      layout_basic, basic_altar
D:3:      cheibrodos_pilgrimage, layout_loops_ring,
          nicolae_overflow_crystal_walls,
          nicolae_hepliaklqana_monster_ancestors, lemuel_crystal_altar,
          mainiacjoe_overflow_24_doors, ebering_ghost_sewer_f, uniq_terence
D:4:      layout_cave_pools, xom_confusion_cloud, minmay_temple_entry_offerings,
          minmay_liquid_box
D:5:      gammafunk_cloud_chamber, layout_loops_corners, abandoned_shop,
          wad_floor_pattern_2, hangedman_decor_opposing, saegor_snake_ambush
D:6:      layout_basic, amcnicky_altar_lugonu_corruption,
          uniq_crazy_yiuf_cottage
D:7:      layout_gridville, mainiacjoe_overflow_catch_the_wave,
          mainiacjoe_overflow_brackets, serial_shops, nicolae_diamond_shop
D:8:      layout_basic, zin_statuary, uniq_jeremiah
D:9:      wander_river, layout_irregular_city, dpeg_lair_monsters,
          kennysheep_generic_room_4
D:10:     kennysheep_kobold_lugonu_temple, layout_gridville, pf_just_have_faith,
          grunt_gozag_breadcrumbs, general_overflow_altar, serial_glass,
          glass_columns_a, glass_columns_a

Notes
Turn   | Place    | Note
-------+----------+-------------------------------------------
     0 | D:1      | Skeral the Demigod Shapeshifter began the quest for the
                  | Orb.
     0 | D:1      | Reached XP level 1. HP: 15/15 MP: 3/3
     0 | D:1      | magus.rc [v1.10.3]
   103 | D:1      | Reached skill level 1 in Fighting
   221 | D:1      | Reached skill level 3 in Unarmed Combat
   295 | D:1      | Reached XP level 2. HP: 18/23 MP: 4/4
   688 | D:1      | You pick up a book of the Senses and begin reading...
   688 | D:1      | You add the spells Dazzling Flash, Mephitic Cloud, Curse of
                  | Agony and Silence to your library.
  1387 | D:2      | Reached skill level 2 in Fighting
  1387 | D:2      | Reached XP level 3. HP: 29/29 MP: 5/5
  1407 | D:2      | You pick up a book of the Moon and begin reading...
  1407 | D:2      | You add the spells Passage of Golubria and Lehudib's
                  | Crystal Spear to your library.
  1886 | D:3      | Reached skill level 3 in Shapeshifting
  1899 | D:3      | Found a runed translucent door.
  1916 | D:3      | Noticed jestert79's ghost (amateur BaHs)
  2296 | D:3      | Found a runed translucent door.
  2308 | D:3      | You pick up a book of Chaos and begin reading...
  2308 | D:3      | You add the spells Conjure Ball Lightning, Disjunction and
                  | Discord to your library.
  2337 | D:3      | Reached XP level 4. HP: 26/37 MP: 4/6
  2416 | D:3      | Reached XP level 5. HP: 34/44 MP: 7/7
  2584 | D:3      | Noticed Terence
  2600 | D:3      | Killed Terence
  2601 | D:3      | Reached skill level 3 in Fighting
  2601 | D:3      | Reached skill level 4 in Unarmed Combat
  3119 | D:4      | Found a staircase to the Ecumenical Temple.
  3152 | D:3      | Reached XP level 6. HP: 19/51 MP: 4/8
  3152 | D:3      | HP: 18/76 [poisoned by a scorpion]
  3318 | D:4      | You add the spells Kiss of Death, Sigil of Binding and
                  | Enfeeble to your library.
  3318 | D:4      | Got the Teachings on the Fulgent Oath
  3344 | D:3      | Reached skill level 4 in Shapeshifting
  4458 | D:5      | Entered Level 5 of the Dungeon
  4530 | D:5      | Reached skill level 4 in Fighting
  4663 | D:5      | Noticed a water moccasin
  4675 | D:5      | Killed a water moccasin
  4676 | D:5      | Reached skill level 5 in Unarmed Combat
  4676 | D:5      | Reached XP level 7. HP: 51/60 MP: 9/9
  4874 | D:5      | Found a transporter.
  4879 | D:5      | Noticed a fire bat
  4930 | D:5      | You pick up a book of Geomancy and begin reading...
  4930 | D:5      | You add the spells Sandblast, Passwall, Stone Arrow and
                  | Brom's Barrelling Boulder to your library.
  4943 | D:5      | Found a transporter.
  5430 | D:5      | HP: 11/60 [sky beast (6)]
  5435 | D:5      | HP: 11/60 [sky beast (2)]
  5435 | D:5      | HP: 5/60 [sky beast (6)]
  5812 | D:6      | Reached skill level 5 in Shapeshifting
  5889 | D:6      | Reached skill level 5 in Fighting
  6274 | D:6      | Reached XP level 8. HP: 68/68 MP: 10/10
  6279 | D:6      | Found a one-way gate to the infinite horrors of the Abyss.
  6419 | D:6      | Reached skill level 6 in Unarmed Combat
  6887 | D:6      | Found a runed translucent door.
  6888 | D:6      | Noticed Crazy Yiuf
  7050 | D:6      | Reached skill level 6 in Fighting
  7328 | D:7      | You pick up a book of Debilitation and begin reading...
  7328 | D:7      | You add the spells Slow, Vampiric Draining and Confusing
                  | Touch to your library.
  7343 | D:7      | Reached skill level 6 in Shapeshifting
  7702 | D:7      | Found Lemokak's Book Shop.
  7843 | D:7      | You add the spells Summon Forest, Spellforged Servitor and
                  | Monstrous Menagerie to your library.
  7843 | D:7      | Got the Spellbook of the Retinue
  8096 | D:8      | Reached skill level 7 in Unarmed Combat
  8098 | D:8      | Noticed a hornet
  8118 | D:7      | Reached XP level 9. HP: 77/78 MP: 11/11
  8319 | D:8      | Noticed Jeremiah
  8432 | D:8      | Identified the +0 robe of Ixiu {rN+}
  8597 | D:8      | Reached skill level 7 in Fighting
  9286 | D:9      | Noticed a death yak
  9493 | D:6      | Killed Crazy Yiuf
  9738 | D:3      | Killed jestert79's ghost
  9879 | D:8      | Noticed a two-headed ogre
  9974 | D:9      | Noticed a death yak
 10059 | D:9      | You pick up a book of Blasting and begin reading...
 10059 | D:9      | You add the spells Volatile Blastmotes, Fulminant Prism and
                  | Iskenderun's Mystic Blast to your library.
 10087 | D:9      | Noticed a two-headed ogre
 10149 | D:9      | Noticed a death yak
 10210 | D:9      | Noticed a death yak
 10210 | D:9      | Noticed a death yak
 10420 | D:9      | Reached skill level 7 in Shapeshifting
 10511 | D:9      | Found a staircase to the Lair.
 10563 | D:9      | Reached skill level 8 in Unarmed Combat
 10695 | D:9      | Killed a two-headed ogre
 10875 | D:9      | Reached skill level 8 in Fighting
 11335 | D:9      | Killed a death yak
 11336 | D:9      | Reached XP level 10. HP: 89/89 MP: 13/13
 11489 | D:8      | magus.rc [v1.10.3]
 11718 | D:10     | Entered Level 10 of the Dungeon
 11771 | D:10     | Reached skill level 8 in Shapeshifting
 11885 | D:10     | Noticed a cyan ugly thing
 11889 | D:10     | HP: 10/90 [cyan ugly thing (13)]
 12300 | D:10     | Killed a cyan ugly thing
 12301 | D:10     | Reached skill level 9 in Unarmed Combat
 12385 | D:10     | HP: 20/90 [troll (13)]
 12672 | D:10     | Noticed a two-headed ogre
 12684 | D:10     | Killed a two-headed ogre
 12685 | D:10     | Reached skill level 9 in Fighting
 13397 | D:10     | Noticed a rust devil
 13400 | D:10     | HP: 18/79 [quasit[a kobold demonologist] (2)]
 13401 | D:10     | Slain by a red devil

Vanquished Creatures
  2 two-headed ogres
  A death yak (D:9)
  An ugly thing (D:10)
  2 kobold demonologists (D:10)
  5 trolls (D:10)
  A hornet (D:8)
  A shadow (D:9)
  A yak (D:9)
  2 steam dragons (D:7)
  An acid dragon (D:9)
  3 orc warriors
  2 water moccasins
  3 sky beasts
  2 black bears
  The ghost of jestert79 the Shooter, an amateur BaHs (D:3)
  3 centaurs
  4 kobold brigands
  4 bullfrogs
  A gnoll sergeant (D:9)
  3 scorpions
  3 wights (D:6)
  3 howler monkeys (D:8)
  2 jellies
  4 bombardier beetles
  A hound (D:6)
  5 orc priests
  Crazy Yiuf (D:6)
  An iguana (D:7)
  5 sleepcaps
  Terence (D:3)
  6 orc wizards
  9 gnolls
  9 adders
  2 shadow imps
  2 ufetubi (D:5)
  2 ribbon worms
  2 dart slugs (D:3)
  28 orcs
  7 ball pythons
  3 endoplasms
  6 giant cockroaches
  6 goblins
  4 hobgoblins
  4 jackals
  18 kobolds
  5 quokkas
  7 bats
  5 frilled lizards
  6 rats
  A spectral hobgoblin (D:3)
201 creatures vanquished.

Vanquished Creatures (others)
  2 lurking horrors (D:6)
2 creatures vanquished.

Grand Total: 203 creatures vanquished

Table legend:
 A = Non-vault XP
 B = Vault XP
 C = Vault XP percentage of total XP
 D = Non-vault monster count
 E = Vault monster count
 F = Vault count percentage of total count
                 A         B        C        D         E       F
            +---------+---------+-------+---------+---------+-------
      Total |    9081 |    2073 |  18.6 |     167 |      34 |  16.9
            +---------+---------+-------+---------+---------+-------
        D:1 |      33 |       5 |  13.2 |      20 |       3 |  13.0
        D:2 |      34 |       3 |   8.1 |      15 |       1 |   6.2
        D:3 |     150 |     433 |  74.3 |      21 |      17 |  44.7
        D:4 |      91 |     149 |  62.1 |      15 |       7 |  31.8
        D:5 |     414 |      26 |   5.9 |       6 |       2 |  25.0
        D:6 |    1225 |      40 |   3.2 |      23 |       1 |   4.2
        D:7 |     834 |       0 |   0.0 |       8 |       0 |   0.0
        D:8 |     977 |       0 |   0.0 |      16 |       0 |   0.0
        D:9 |    2018 |    1034 |  33.9 |      29 |       2 |   6.5
       D:10 |    3305 |     383 |  10.4 |      14 |       1 |   6.7
            +---------+---------+-------+---------+---------+-------

Skill      XL: |  1  2  3  4  5  6  7  8  9 10 |
---------------+-------------------------------+-----
Fighting       | 1 2 3 4 5 6 8 9 |  9.2
Unarmed Combat | 3 4 5 7 8 9 |  9.5
Shapeshifting  | 3 4 5 6 7 8 |  8.6
Dodging        | |  1.7

Action                     |  1- 3 |  4- 6 |  7- 9 | 10-12 || total
---------------------------+-------+-------+-------+-------++-------
  Melee: Unarmed           |   155 |   202 |   364 |   101 ||   822
         Punch             |     5 |     4 |       |     1 ||    10
  Throw: Dart              |       |     6 |    25 |     4 ||    35
  Evoke: Wand              |       |       |     6 |     6 ||    12
    Use: Potion            |       |     1 |     1 |     1 ||     3
         Scroll            |       |     6 |     1 |     1 ||     8
   Stab: Sleeping          |     4 |       |     7 |     1 ||    12
 Armour: Animal skin       |    53 |    94 |    70 |       ||   217
         Skin              |       |     7 |     4 |       ||    11
         Steam dragon scal |       |       |    91 |    92 ||   183
  Dodge: Dodged            |   102 |   118 |   124 |    63 ||   407
  Block: Buckler           |       |    31 |   163 |    44 ||   238
         Reflection        |       |       |    11 |     2 ||    13
         Other             |       |       |     3 |    13 ||    16
   Form: Beast             |       |       |     1 |       ||     1
         Flux              |       |       |     1 |       ||     1
         Blade             |       |       |       |     1 ||     1

Illustrated notes

Table legend:
 A = Kills in this place as a percentage of kills in the entire game.
 B = Kills by you in this place as a percentage of kills by you in the entire game.
 C = Kills by friends in this place as a percentage of kills by friends in the entire game.
 D = Other kills in this place as a percentage of other kills in the entire game.
 E = Experience gained in this place as a percentage of experience gained in the entire game.
 F = Experience gained in this place divided by the number of levels of this place that you have seen.
                   A       B       C       D       E      F
               +-------+-------+-------+-------+-------+----------------------
         Total | 100.0 | 100.0 |   N/A |   N/A | 100.0 | 1115.4
       Dungeon | 100.0 | 100.0 |   N/A |   N/A | 100.0 | 1115.4
               +-------+-------+-------+-------+-------+----------------------

Table legend: (Time is in decaauts)
 A = Elapsed time spent in this place.
 B = Non-inter-level travel time spent in this place.
 C = Inter-level travel time spent in this place.
 D = Time resting spent in this place.
 E = Time spent auto-exploring this place.
 F = Levels seen in this place.
 G = Mean time per level.
                   A        B        C        D        E       F      G
               +--------+--------+--------+--------+--------+-----+--------+
         Total |  13361 |  12083 |   1278 |   3237 |   4066 |  10 | 1336.1 |
       Dungeon |  13361 |  12083 |   1278 |   3237 |   4066 |  10 | 1336.1 |
               +--------+--------+--------+--------+--------+-----+--------+

Top non-repeatable levels by time:
     D:3: 2085 daAuts
     D:8: 1841 daAuts
     D:6: 1716 daAuts
    D:10: 1652 daAuts
     D:9: 1370 daAuts
     D:5: 1354 daAuts
     D:1: 1169 daAuts
     D:7: 861 daAuts
     D:4: 763 daAuts
     D:2: 544 daAuts
